 Dungeon Crawl Stone Soup version 0.31.0-9-g3a7656b989 (webtiles) character file.

Game seed: 9754351927130560357

15394 Axelsxxd the Cleaver (level 12, -8/106 HPs)
             Began as a Minotaur Fighter on Feb 3, 2024.
             Was a High Priest of Okawaru.
             Mangled by a death yak (13 damage)
             ... on level 1 of the Lair of Beasts on Feb 4, 2024.
             The game lasted 00:17:44 (10189 turns).

Axelsxxd the Cleaver (Minotaur Fighter)            Turns: 10189, Time: 00:17:45

Health: -8/106     AC: 16    Str: 24    XL:     12   Next: 0%
Magic:  15/15      EV:  8    Int:  5    God:    Okawaru [*****.]
Gold:   88         SH:  6    Dex: 12    Spells: 11/11 levels left

rFire   . . .        a - +0 war axe
rCold   . . .        c - +0 buckler
rNeg    . . .        H - +0 chain mail of the Scribe {Regen+}
rPois   .            (helmet restricted)
rElec   .            (no cloak)
rCorr   .            s - +0 pair of gloves
SInv    +            x - +2 pair of boots
Will    .....        (no amulet) Stlth
                     k - ring of see invisible
HPRegen 1.17/turn    (no ring)
MPRegen 0.14/turn

%: no passive effects
@: mighty, about to teleport, hasted, very quick
A: horns 2, retaliatory headbutt
a: Renounce Religion, Heroism, Finesse, Duel


You were on level 1 of the Lair of Beasts.
You worshipped Okawaru.
Okawaru was extremely pleased with you.
You visited 3 branches of the dungeon, and saw 12 of its levels.

You collected 745 gold pieces.
You spent 657 gold pieces at shops.

Inventory:

Hand Weapons
 a - a +0 war axe (weapon)
Missiles
 o - a javelin (quivered)
Armour
 b - +0 acid dragon scales
 c - a +0 buckler (worn)
 s - a +0 pair of gloves (worn)
 x - a +2 pair of boots (worn)
 H - the +0 chain mail of the Scribe (worn) {Regen+}
   (You bought it in a shop on level 9 of the Dungeon)

   Regen+:    It increases your rate of health regeneration.
Jewellery
 k - a ring of see invisible (left hand)
 y - a +5 ring of evasion
 A - an amulet of magic regeneration
Wands
 u - a wand of roots (32)
 v - a wand of paralysis (4)
 D - a wand of flame (21)
 E - a wand of mindburst (11)
 I - a wand of quicksilver (5)
 J - a wand of digging (3)
Scrolls
 f - a scroll of fog {unknown}
 g - 3 scrolls of revelation
 j - 5 scrolls of vulnerability
 l - 2 scrolls of amnesia {unknown}
 m - 2 scrolls of teleportation
 n - 4 scrolls of poison
 r - a scroll of noise
 t - 2 scrolls of immolation {unknown}
 z - a scroll of enchant armour {unknown}
 C - a scroll of brand weapon {unknown}
Potions
 e - 2 potions of attraction
 h - a potion of curing
 i - 2 potions of lignification
 p - a potion of ambrosia
 q - a potion of haste
 w - 2 potions of mutation
 F - a potion of invisibility
 G - a potion of brilliance {unknown}


   Skills:
 + Level 10.0 Fighting
 + Level 12.4(13.2) Axes
 + Level 7.1(10.7) Polearms
 + Level 10.7 Armour
 - Level 8.0 Shields
 - Level 6.0 Invocations
 - Level 6.0 Evocations


You had 11 spell levels left.
You didn't know any spells.
Your spell library contained the following spells:

 Spells                   Type           Power      Damage    Failure   Level
 Apportation              Tloc           0%         N/A       95%         1
 Ensorcelled Hibernation  Hex/Ice        0%         N/A       98%         2
 Jinxbite                 Hex            0%         N/A       98%         2
 Lesser Beckoning         Tloc           0%         N/A       98%         2
 Fugue of the Fallen      Necr           0%         N/A       100%        3
 Gell's Gravitas          Tloc           0%         N/A       100%        3
 Hailstorm                Conj/Ice       0%         3d5       100%        3
 Teleport Other           Tloc           0%         N/A       100%        3
 Anguish                  Hex/Necr       0%         N/A       100%        4
 Olgreb's Toxic Radiance  Alch           0%         N/A       100%        4
 Vhi's Electric Charge    Tloc/Air       0%         N/A       100%        4
 Alistair's Intoxication  Alch           0%         N/A       100%        5
 Arcjolt                  Conj/Air       0%         1d10      100%        5
 Ozocubu's Refrigeration  Ice            0%         4d7       100%        7
 Discord                  Hex            0%         N/A       100%        8
 Maxwell's Capacitive Co  Air            0%         ∞         100%        8
 Summon Small Mammal      Summ           Unusable   N/A       N/A         1
 Call Canine Familiar     Summ           Unusable   N/A       N/A         3
 Summon Ice Beast         Ice/Summ       Unusable   N/A       N/A         3
 Summon Blazeheart Golem  Fire/Summ      Unusable   N/A       N/A         4
 Sculpt Simulacrum        Ice/Alch       Unusable   N/A       N/A         6

Dungeon Overview and Level Annotations

Branches:
Dungeon (10/15)            Temple (1/1) D:4            Lair (1/5) D:8
    Orc (0/2) D:9

Altars:
Dithmenos
Elyvilon
Fedhas
Gozag
Hepliaklqana
Kikubaaqudgha
Makhleb
Nemelex Xobeh
Okawaru
Qazlal
Ru
Sif Muna
Trog
Uskayaw
Vehumet
Wu Jian
Yredelemnul
Zin
The Shining One

Shops:
D:1 :   D:3 *   D:8 :   D:9 *([:


Innate Abilities, Weirdness & Mutations

You have a pair of horns on your head.
You reflexively headbutt those who attack you in melee.


Message History

The death yak gores you.
* * * LOW HITPOINT WARNING * * *
Cleave: a) +0 war axe
Press: ? - help, Dir - move target, f/p - death yak
Aim: a death yak (almost dead, about 19% to evade your +0 war axe)
You slash the death yak!
You kill the death yak!
Okawaru is honoured by your kill.
Your Fighting skill increases to level 10!
You have reached level 12!
You feel agile.
Unknown command.
Cleave: a) +0 war axe
Press: ? - help, Dir - move target, f - yak
Aim: a yak (about 24% to evade your +0 war axe)
You slash the yak! You headbutt the yak!
The yak is severely wounded.
Unknown command.
Cleave: a) +0 war axe
Press: ? - help, Dir - move target, f - death yak, p - yak
Aim: a death yak (about 18% to evade your +0 war axe)
You hit the death yak but do no damage. You headbutt the death yak!
The death yak is lightly wounded.
Cleave: a) +0 war axe
Press: ? - help, Dir - move target, f/p - death yak
Aim: a death yak (lightly wounded, about 18% to evade your +0 war axe)
You slash the death yak!
The death yak is moderately wounded.
Cleave: a) +0 war axe
Press: ? - help, Dir - move target, f/p - death yak
Aim: a death yak (moderately wounded, about 18% to evade your +0 war axe)
You hit the death yak. You headbutt the death yak.
The death yak is moderately wounded.
The death yak gores you!
* * * LOW HITPOINT WARNING * * *
It was a potion of haste.
You feel yourself speed up. The death yak gores you.
* * * LOW HITPOINT WARNING * * *
As you read the scroll of teleportation, it crumbles to dust.
You feel strangely unstable. The death yak gores you!
You die...

###.#.....##.##.#.P####'''### #..
....#..............+#.....(.# #..
...#.##...P........##..(....# #..
...................##....(..###..
........###......F..#(8.....#....
..#......##.........#...).(.###..
..+...8...##.......###########...
#...........##l###....##### ###..
..###.......##YY@†......#.###....
..# ##.#..8..YY####..............
.#............Y#.8...............
.+...............................
.YY..8..8.>.8....8.8.............
.lY...................######.##†.
P............^##.8..#.##.##P...##
########..8..#.###.#..+........#
.......#....##..##.......#


You could see 2 death yaks, 2 yaks and a basilisk.

Vanquished Creatures
  Erica (D:8)
  The ghost of JavaGenius the Spear-Bearer, a journeyman TeCK of Xom (Lair:1)
  3 death yaks (Lair:1)
  A two-headed ogre (D:6)
  Maurice (D:8)
  5 cane toads (Lair:1)
  A torpor snail (Lair:1)
  A black mamba (Lair:1)
  Jeremiah (D:8)
  3 komodo dragons (Lair:1)
  A hornet (D:9)
  8 yaks
  3 wyverns
  2 basilisks
  3 vampire mosquitoes (D:8)
  An acid dragon (D:9)
  4 water moccasins
  3 sky beasts
  An orc warrior (D:8)
  2 ice beasts
  An ogre (D:7)
  6 black bears
  7 wolves
  4 centaurs
  3 phantoms
  7 bullfrogs
  A gnoll sergeant (D:9)
  3 kobold brigands
  8 scorpions
  6 wights
  5 howler monkeys
  An electric eel (Lair:1)
  2 bombardier beetles
  A jelly (D:5)
  2 gnoll boudas
  3 hounds
  4 orc priests
  3 sleepcaps
  Natasha (twice) (D:3)
  Terence (D:3)
  5 iguanas
  7 orc wizards
  7 gnolls
  4 adders
  A shadow imp (D:6)
  A white imp (D:6)
  5 ufetubi (D:6)
  3 dart slugs
  A ribbon worm (D:4)
  18 orcs
  5 ball pythons
  8 endoplasms
  4 giant cockroaches
  4 goblins
  7 hobgoblins
  8 jackals
  17 kobolds
  A quokka (D:2)
  3 bats
  3 frilled lizards
  4 rats
232 creatures vanquished.

Vanquished Creatures (others)
  The ghost of Ignak the Magician, a journeyman GnAE of Sif Muna (D:8)
1 creature vanquished.

Grand Total: 233 creatures vanquished

Notes
Turn   | Place    | Note
-------+----------+-------------------------------------------
     0 | D:1      | Axelsxxd the Minotaur Fighter began the quest for the Orb.
     0 | D:1      | Reached XP level 1. HP: 19/19 MP: 0/0
   103 | D:1      | Reached XP level 2. HP: 24/27 MP: 1/1
   122 | D:1      | Found Xem Eni's Book Shoppe.
   458 | D:2      | Reached skill level 3 in Axes
   458 | D:2      | Reached XP level 3. HP: 33/33 MP: 2/2
  1232 | D:3      | Noticed Terence
  1237 | D:3      | Killed Terence
  1238 | D:3      | Reached XP level 4. HP: 40/40 MP: 3/3
  1295 | D:3      | Noticed Natasha
  1303 | D:3      | Killed Natasha
  1307 | D:3      | Reached XP level 5. HP: 37/47 MP: 4/4
  1592 | D:3      | Noticed Natasha
  1600 | D:3      | Killed Natasha
  1601 | D:3      | Reached skill level 4 in Axes
  1650 | D:3      | Found Luded's General Store.
  1755 | D:3      | Bought a scroll of poison for 48 gold pieces
  1755 | D:3      | Bought a potion of heal wounds for 60 gold pieces
  1755 | D:3      | Bought a scroll of identify for 24 gold pieces
  1886 | D:4      | Reached skill level 5 in Armour
  1916 | D:4      | Reached skill level 5 in Shields
  1927 | D:4      | Reached skill level 5 in Fighting
  1996 | D:4      | Found a staircase to the Ecumenical Temple.
  2008 | Temple   | Entered the Ecumenical Temple
  2019 | Temple   | Became a worshipper of Warmaster Okawaru
  2064 | D:4      | Noticed a black bear
  2071 | D:4      | Killed a black bear
  2072 | D:4      | Reached XP level 6. HP: 56/56 MP: 5/5
  2387 | D:4      | Found a shadowy altar of Dithmenos.
  2677 | D:4      | Reached * piety under Okawaru
  2678 | D:4      | Reached skill level 1 in Invocations
  2681 | D:4      | Reached skill level 5 in Axes
  2681 | D:4      | Reached XP level 7. HP: 14/61 MP: 6/6
  2855 | D:5      | Entered Level 5 of the Dungeon
  3882 | D:5      | Reached skill level 6 in Axes
  3882 | D:5      | Reached XP level 8. HP: 57/70 MP: 8/8
  4064 | D:6      | Reached ** piety under Okawaru
  4172 | D:6      | Found an opulent altar of Gozag.
  4180 | D:6      | Found a stormy altar of Qazlal.
  4186 | D:6      | Found a glowing golden altar of the Shining One.
  4218 | D:6      | Found a basalt altar of Yredelemnul.
  4246 | D:6      | Noticed a two-headed ogre
  4255 | D:6      | Killed a two-headed ogre
  4255 | D:6      | Reached *** piety under Okawaru
  4256 | D:6      | Reached skill level 7 in Axes
  4485 | D:6      | Reached XP level 9. HP: 49/75 MP: 10/10
  4494 | D:6      | Reached skill level 8 in Axes
  4805 | D:6      | Reached **** piety under Okawaru
  4806 | D:6      | Reached skill level 9 in Axes
  5012 | D:6      | Found a glowing silver altar of Zin.
  5012 | D:6      | Noticed an angel
  5399 | D:7      | Reached skill level 5 in Invocations
  5470 | D:7      | Reached skill level 1 in Evocations
  5532 | D:7      | Reached skill level 10 in Axes
  6044 | D:8      | Found a hide-covered altar of Uskayaw.
  6053 | D:8      | Found a large runed translucent door.
  6053 | D:8      | Found a large runed translucent door.
  6055 | D:8      | Noticed Ignak's ghost (journeyman GnAE)
  6097 | D:8      | Found a sparkling altar of Nemelex Xobeh.
  6138 | D:8      | Reached ***** piety under Okawaru
  6262 | D:8      | Noticed Erica
  6275 | D:8      | Killed Erica
  6276 | D:8      | Reached XP level 10. HP: 38/83 MP: 11/13
  6452 | D:8      | Found Fautecu's Book Shop.
  6522 | D:8      | Noticed Jeremiah
  6538 | D:8      | Killed Jeremiah
  6539 | D:8      | Reached skill level 5 in Evocations
  6945 | D:8      | Found a staircase to the Lair.
  6999 | D:8      | Noticed Maurice
  7007 | D:8      | Reached skill level 1 in Polearms
  7014 | D:8      | Received a gift from Okawaru
  7020 | D:8      | Maurice stole an amulet of magic regeneration
  7027 | D:8      | Maurice stole 347 gold
  7029 | D:8      | Killed Maurice
  7299 | D:8      | Found a blossoming altar of Fedhas.
  7436 | D:8      | Found an ancient bone altar of Kikubaaqudgha.
  7676 | D:8      | Killed Ignak's ghost
  7821 | D:9      | Reached skill level 11 in Axes
  7959 | D:9      | Reached XP level 11. HP: 71/86 MP: 14/14
  7960 | D:9      | Paralysed by a hornet for 1 turns
  8080 | D:9      | Found a burning altar of Makhleb.
  8086 | D:9      | Found Jiogiy Akho's Book Boutique.
  8088 | D:9      | Found Jaduhaq's Antique Armour Boutique.
  8090 | D:9      | Found Wuzeviu's Antique Weapon Boutique.
  8096 | D:9      | Found Pomupio's Armour Boutique.
  8293 | D:9      | Identified the staff "Zelis" {rC+ MP+9 Ice}
  8522 | D:9      | Found a staircase to the Orcish Mines.
  8645 | D:9      | Found Xing's Assorted Antiques.
  8658 | D:9      | Bought a warped chain mail for 285 gold pieces
  8658 | D:9      | Identified the +0 chain mail of the Scribe {Regen+} (You
                  | bought it in a shop on level 9 of the Dungeon)
  8658 | D:9      | Bought an encrusted silver wand for 120 gold pieces
  8658 | D:9      | Bought an ivory wand for 120 gold pieces
  8830 | D:10     | Entered Level 10 of the Dungeon
  8917 | Lair:1   | Entered Level 1 of the Lair of Beasts
  9296 | Lair:1   | Found a runed translucent gate.
  9296 | Lair:1   | Found a runed translucent gate.
  9296 | Lair:1   | Found a runed translucent gate.
  9305 | Lair:1   | Noticed JavaGenius's ghost (journeyman TeCK)
  9340 | Lair:1   | Killed JavaGenius's ghost
  9425 | Lair:1   | Reached skill level 5 in Polearms
  9461 | Lair:1   | Noticed a death yak
  9463 | Lair:1   | Noticed a death yak
  9463 | Lair:1   | Noticed a death yak
  9466 | Lair:1   | Noticed a death yak
  9494 | Lair:1   | Received a gift from Okawaru
  9502 | Lair:1   | HP: 4/95 [komodo dragon (25)]
  9740 | Lair:1   | Reached skill level 10 in Armour
  9933 | Lair:1   | Found a shadowy altar of Dithmenos.
 10021 | Lair:1   | Reached skill level 12 in Axes
 10128 | Lair:1   | Noticed a death yak
 10161 | Lair:1   | Killed a death yak
 10176 | Lair:1   | Killed a death yak
 10183 | Lair:1   | Killed a death yak
 10184 | Lair:1   | Reached skill level 10 in Fighting
 10184 | Lair:1   | Reached XP level 12. HP: 19/106 MP: 15/15
 10188 | Lair:1   | HP: 4/106 [death yak (4)]
 10189 | Lair:1   | Mangled by a death yak

Illustrated notes

Levels and vault maps discovered:
D:1:      dpeg_arrival_solitude, layout_rooms, serial_shops, nicolae_shop_stone
D:2:      layout_loops_corners
D:3:      layout_basic, serial_shops, nicolae_shop_tiny_glass, uniq_terence,
          uniq_natasha
D:4:      layout_basic, grunt_dithmenos_smoke, minmay_temple_entry_waves
D:5:      layout_loops_corners
D:6:      minmay_clustersquares, layout_cave_pools,
          mainiacjoe_overflow_chevrons, zin_angel,
          minmay_overflow_temple_star_quad, minmay_gold_behind_fungi,
          kennysheep_generic_room_9
D:7:      layout_gridville
D:8:      layout_loops_ring, mainiacjoe_overflow_alcove_4,
          nicolae_overflow_crystal_walls, kennysheep_mini,
          nemelex_diamond_rough_becter, minmay_lair_entry_grove, serial_shops,
          shop, ebering_ghost_disaster_area, uniq_maurice, uniq_jeremiah,
          uniq_erica
D:9:      layout_loops_ring, bloody_makhleb, orc_0_dummy, serial_glass,
          glass_columns_a, glass_columns_a, item_on_display_a,
          due_unseen_surprise, minmay_strange_pillars, minmay_strange_pillars,
          minmay_shop_grid_forest, minmay_misc_feat_chi, kennysheep_small_square
D:10:     layout_loops_ring, grunt_temple_overflow_open, slow_altar_1,
          kennysheep_generic_room_3
Temple:   hellmonk_temple_two_chambers
Lair:1:   layout_regular_city, basic_altar, ebering_ghost_rock_garden,
          serial_bayou_pond_b, grunt_megastairs_3, serial_bayou_shore_a,
          serial_bayou_shore_b

Skill      XL: |  1  2  3  4  5  6  7  8  9 10 11 |
---------------+----------------------------------+-----
Shields        | 4 5 6 8 |  8.0
Fighting       | 4 5 6 7 10 | 10.0
Axes           | 3 4 5 6 7 10 11 12 | 12.4
Armour         | 4 5 6 8 10 | 10.7
Invocations    | 1 2 3 6 |  6.0
Evocations     | 4 6 |  6.0
Polearms       | 3 7 |  7.1

Action                     |  1- 3 |  4- 6 |  7- 9 | 10-12 || total
---------------------------+-------+-------+-------+-------++-------
  Melee: War axe           |    57 |    77 |   216 |   388 ||   738
         Headbutt          |    11 |    17 |    46 |    93 ||   167
 Invoke: Heroism           |       |       |     3 |    11 ||    14
  Evoke: Wand              |       |       |       |     3 ||     3
    Use: Scroll            |       |     5 |     1 |     5 ||    11
         Potion            |       |       |     1 |     8 ||     9
   Stab: Invisible         |       |       |       |     3 ||     3
 Armour: Scale mail        |    39 |    81 |   155 |   144 ||   419
         Chain mail        |       |       |       |   130 ||   130
  Dodge: Dodged            |    31 |    41 |   106 |   143 ||   321
  Block: Buckler           |    14 |    19 |    53 |    92 ||   178
